 Dungeon Crawl Stone Soup version 0.30-a0-374-g95c0257040 (webtiles) character file.

Game seed: 6460922725705500830

5675 pokeman the Thaumaturge (level 10, -14/56 HPs)
             Began as a Deep Elf Hedge Wizard on Nov 26, 2022.
             Was an Initiate of Vehumet.
             Killed from afar by an acid dragon (24 damage)
             ... with a splash of acid
             ... on level 9 of the Dungeon.
             The game lasted 00:25:43 (9463 turns).

pokeman the Thaumaturge (Deep Elf Hedge Wizard)     Turns: 9463, Time: 00:25:44

Health: -14/56     AC:  0    Str:  7    XL:     10   Next: 47%
Magic:  20/29      EV: 13    Int: 29    God:    Vehumet [......]
Gold:   420        SH:  5    Dex: 21    Spells: 27/35 levels left

rFire   . . .      SeeInvis .    C - +10 quarterstaff of Fatigue {freeze, Int+5 Dex+7}
rCold   . . .      Faith    .    (shield currently unavailable)
rNeg    . . .      Spirit   .    n - +0 leather armour
rPois   .          Reflect  +    c - +0 hat
rElec   .          Harm     .    N - +0 cloak
rCorr   .          Rampage  .    (no gloves)
Will    ++...                    (no boots)
Stlth   ++........               y - amulet of reflection
HPRegen 0.29/turn                r - ring of wizardry
MPRegen 0.21/turn                H - ring of willpower

@: corroded
A: no striking features
a: Renounce Religion


You were on level 9 of the Dungeon.
You worshipped Vehumet.
Vehumet was noncommittal.
You visited 2 branches of the dungeon, and saw 10 of its levels.
You also visited: Sewer.

You collected 420 gold pieces.

Inventory:

Hand Weapons
 e - a +1 sling of freezing
 u - a +0 great sword of holy wrath
 z - the +7 short sword of Elezuasy {flame, Int+4 Stlth+}
   (You found it on level 5 of the Dungeon)

   It burns those it strikes, dealing additional fire damage.
   Int:       It affects your intelligence (+4).
   Stlth:     It makes you more stealthy.
 A - the +9 whip of the Lair of Beasts {vamp, SInv}
   (You found it on level 5 of the Dungeon)

   It occasionally heals its wielder for a portion of the damage dealt when it
   wounds a living foe.
   SInv:      It lets you see invisible.
 C - the +10 quarterstaff of Fatigue (weapon) {freeze, Int+5 Dex+7}
   (You found it on level 5 of the Dungeon)

   It freezes those it strikes, dealing additional cold damage.
   It can also slow down cold-blooded creatures.
   Int:       It affects your intelligence (+5).
   Dex:       It affects your dexterity (+7).
 J - a +0 shortbow of flaming
 M - a +1 sling of freezing
Missiles
 E - 2 throwing nets
Armour
 c - a +0 hat (worn)
 n - a +0 leather armour (worn)
 B - a +1 robe of cold resistance
 K - a +0 kite shield
 N - a +0 cloak (worn)
Magical Staves
 k - a staff of fire
Jewellery
 b - a ring of fire
 r - a ring of wizardry (left hand)
 y - an amulet of reflection (around neck)
 H - a ring of willpower (right hand)
Scrolls
 g - 9 scrolls of identify {unknown}
 h - 3 scrolls of enchant weapon {unknown}
 j - 2 scrolls of noise {unknown}
 l - 3 scrolls of fog {unknown}
 m - 3 scrolls of poison {unknown}
 q - 5 scrolls of torment {unknown}
 s - a scroll of silence {unknown}
 t - 3 scrolls of blinking
 w - 7 scrolls of teleportation {unknown}
 F - a scroll of vulnerability {unknown}
 G - a scroll of immolation {unknown}
 L - a scroll of fear {unknown}
Potions
 a - 4 potions of heal wounds {unknown}
 d - 2 potions of magic
 f - 2 potions of might {unknown}
 i - a potion of mutation {unknown}
 o - 2 potions of brilliance {unknown}
 p - 4 potions of flight {unknown}
 v - 2 potions of curing {unknown}
 x - a potion of ambrosia {unknown}
 D - 2 potions of lignification {unknown}
 I - 3 potions of haste {unknown}


   Skills:
 - Level 4.0 Fighting
 + Level 3.1 Armour
 - Level 3.0 Dodging
 - Level 3.1 Stealth
 * Level 13.1 Spellcasting
 + Level 8.9 Conjurations
 - Level 1.1 Summonings
 - Level 1.1 Translocations
 + Level 6.6 Fire Magic
 - Level 1.1 Air Magic
 - Level 1.1 Poison Magic
 - Level 1.0 Evocations


You had 27 spell levels left.
You knew the following spells:

 Your Spells              Type           Power      Damage    Failure   Level
a - Magic Dart            Conj           100%       1d8       1%          1
b - Mephitic Cloud        Conj/Pois/Air  40%        N/A       1%          3
c - Call Imp              Summ           25%        N/A       1%          2
d - Blink                 Tloc           50%        N/A       1%          2

Your spell library contained the following spells:

 Spells                   Type           Power      Damage    Failure   Level
 Slow                     Hex            76%        N/A       1%          1
 Cigotuvi's Dreadful Rot  Necr/Pois/Air  46%        N/A       1%          2
 Tukima's Dance           Hex            19%        N/A       4%          3
 Passage of Golubria      Tloc           25%        N/A       11%         4
 Yara's Violent Unravell  Hex/Tmut       9%         3d6       38%         5


Dungeon Overview and Level Annotations

Branches:
Dungeon (9/15)             Temple (1/1) D:6           Sewer (visited)
   Lair: D:8-11         Orc: D:9-12

Altars:
Ashenzari
Cheibriados
Dithmenos
Elyvilon
Fedhas
Gozag
Hepliaklqana
Kikubaaqudgha
Makhleb
Nemelex Xobeh
Okawaru
Qazlal
Ru
Sif Muna
Trog
Uskayaw
Vehumet
Wu Jian
Xom
Yredelemnul
Zin
The Shining One


Message History

Unknown command.
You sock the killer bee! You freeze the killer bee.
You kill the killer bee!
Vehumet accepts your kill.
The yak is engulfed in noxious fumes.
The yak appears confused.
Unknown command.
Unknown command.
You closely miss the acid dragon.
The killer bee barely misses the yak.
The acid dragon bites you! The acid dragon claws you.
The yak completely misses the killer bee. x2
The acid dragon spits acid at you. The splash of acid hits you!
* * * LOW HITPOINT WARNING * * *
The acid corrodes you!
Unknown command.
You hit the acid dragon. You freeze the acid dragon.
The acid dragon is moderately wounded.
The killer bee stings the yak.
The yak is killed!
Vehumet accepts your kill. The acid dragon closely misses you.
The acid dragon claws you.
* * * LOW HITPOINT WARNING * * *
Unknown command.
You hit the acid dragon. You freeze the acid dragon.
The acid dragon is heavily wounded.
The acid dragon completely misses you. The acid dragon claws you.
* * * LOW HITPOINT WARNING * * *
Unknown command.
Unknown command.
You barely miss the acid dragon.
The acid dragon is heavily wounded.
The killer bee seems less confused.
The acid dragon barely misses you. You block the acid dragon's attack.
The yak barely misses the killer bee.
Unknown command.
Unknown command.
You barely miss the acid dragon.
The acid dragon is heavily wounded.
The acid dragon spits acid at you. The splash of acid hits you!!
You die...

########
......### #
#........
#.##<###.###
#.........y.
#.##@###...# #
#D###...#
#yy.....#
y..y..Yy†.....#
y......†......#
....y..†......#
.........###..#
##.####.## ..#
... #.# ..


You could see a yak (confused), a hornet (confused), an acid dragon (catching
breath) and 3 killer bees.

Vanquished Creatures
  Pikel (D:5)
  Joseph (D:7)
  2 hornets
  Sigmund (D:2)
  3 yaks (D:9)
  A steam dragon (D:6)
  Menkaure (D:7)
  A water moccasin (D:7)
  An orc warrior (D:8)
  2 sky beasts
  2 black bears
  3 centaurs
  2 ogres
  4 lemures (D:5)
  A phantom (D:3)
  Blork the orc (D:6)
  A gnoll sergeant (D:8)
  7 bullfrogs
  A necrophage (D:4)
  4 scorpions
  5 wights (D:6)
  7 killer bees (D:9)
  3 howler monkeys (D:8)
  An electric eel (D:8)
  A jelly (D:5)
  A gnoll bouda (D:8)
  3 orc priests
  Crazy Yiuf (D:7)
  A hound (D:5)
  Terence (D:3)
  4 iguanas
  4 orc wizards
  17 gnolls
  A river rat (D:6)
  5 adders
  A white imp (D:7)
  2 ufetubi
  2 worms (D:2)
  4 dart slugs
  19 orcs
  14 endoplasms
  7 giant cockroaches
  8 goblins
  8 hobgoblins
  3 jackals
  6 kobolds
  14 quokkas
  13 ball pythons
  7 bats
  18 frilled lizards
  2 rats
223 creatures vanquished.

Vanquished Creatures (collateral kills)
  A yak (D:9)
  A killer bee (D:9)
2 creatures vanquished.

Vanquished Creatures (others)
  A fungus (D:7)
1 creature vanquished.

Grand Total: 226 creatures vanquished

Notes
Turn   | Place    | Note
-------+----------+-------------------------------------------
     0 | D:1      | pokeman the Deep Elf Hedge Wizard began the quest for the
                  | Orb.
     0 | D:1      | Reached XP level 1. HP: 10/10 MP: 7/7
   134 | D:1      | Reached XP level 2. HP: 13/15 MP: 9/9
   627 | D:1      | Reached skill level 5 in Spellcasting
   918 | D:1      | Reached XP level 3. HP: 20/20 MP: 11/11
   922 | D:1      | Learned a level 3 spell: Mephitic Cloud
   925 | D:1      | Learned a level 2 spell: Call Imp
   928 | D:1      | Learned a level 2 spell: Blink
   983 | D:2      | Identified the +5 hand axe of Obsession {freeze, rC- rN++
                  | Str+6}
  1084 | D:2      | Reached skill level 1 in Fighting
  1108 | D:2      | Reached skill level 1 in Armour
  1142 | D:2      | Noticed Sigmund
  1159 | D:2      | Killed Sigmund
  1160 | D:2      | Reached skill level 5 in Conjurations
  1160 | D:2      | Reached XP level 4. HP: 25/25 MP: 8/13
  1160 | D:2      | Reached XP level 5. HP: 29/29 MP: 8/14
  2275 | D:3      | Noticed Terence
  2290 | D:3      | Killed Terence
  2387 | D:3      | Reached XP level 6. HP: 34/34 MP: 14/16
  2413 | D:3      | Reached skill level 1 in Poison Magic
  2543 | D:3      | Found an opulent altar of Gozag.
  2884 | D:3      | Reached skill level 6 in Spellcasting
  3227 | D:4      | Reached skill level 1 in Air Magic
  3259 | D:4      | Reached XP level 7. HP: 38/38 MP: 15/18
  3420 | D:4      | Reached skill level 7 in Spellcasting
  3420 | D:4      | Reached skill level 1 in Fire Magic
  3420 | D:4      | Reached skill level 1 in Evocations
  4027 | D:5      | Entered Level 5 of the Dungeon
  4115 | D:5      | Identified the +7 short sword of Elezuasy {flame, Int+4
                  | Stlth+}
  4183 | D:5      | Reached skill level 8 in Spellcasting
  4185 | D:5      | Identified the +9 whip of the Lair of Beasts {vamp, SInv}
  4212 | D:5      | Found a hazy altar of Hepliaklqana.
  4243 | D:5      | Noticed Pikel
  4304 | D:5      | Killed Pikel
  4305 | D:5      | Reached skill level 9 in Spellcasting
  4305 | D:5      | Reached XP level 8. HP: 19/45 MP: 3/23
  4594 | D:5      | Found a blossoming altar of Fedhas.
  4737 | D:5      | Identified the +10 quarterstaff of Fatigue {freeze, Int+5
                  | Dex+7}
  4815 | D:5      | Found a shimmering altar of Xom.
  5106 | D:6      | Noticed Blork the orc
  5111 | D:6      | Found a glowing drain.
  5123 | Sewer    | Entered a sewer
  5543 | Sewer    | Reached skill level 10 in Spellcasting
  5632 | Sewer    | Reached XP level 9. HP: 49/49 MP: 20/25
  5744 | D:6      | Killed Blork the orc
  5771 | D:6      | Found a white marble altar of Elyvilon.
  6135 | D:6      | Identified the +6 dagger of Plog {antimagic, rElec Int+4}
  6231 | D:6      | Found a staircase to the Ecumenical Temple.
  6262 | D:6      | Found a basalt altar of Yredelemnul.
  6304 | Temple   | Entered the Ecumenical Temple
  6786 | D:7      | Noticed Menkaure
  6794 | D:7      | Killed Menkaure
  6795 | D:7      | Reached skill level 11 in Spellcasting
  6851 | D:7      | Reached skill level 5 in Fire Magic
  6903 | D:7      | Found a runed translucent door.
  6904 | D:7      | Noticed Crazy Yiuf
  7192 | D:7      | You fall into a shaft and drop 1 floor!
  7361 | D:8      | Reached skill level 12 in Spellcasting
  7703 | D:8      | Reached XP level 10. HP: 25/56 MP: 21/28
  8005 | D:8      | Found a shimmering blue altar of Sif Muna.
  8006 | D:8      | Noticed a gargoyle
  8099 | D:7      | Found a radiant altar of Vehumet.
  8102 | D:7      | Became a worshipper of Vehumet
  8197 | D:7      | Found a sparkling altar of Nemelex Xobeh.
  8207 | D:7      | Found a bloodstained altar of Trog.
  8241 | D:7      | Noticed Joseph
  8260 | D:7      | Killed Joseph
  8511 | D:7      | Killed Crazy Yiuf
  9456 | D:9      | Reached skill level 13 in Spellcasting
  9463 | D:9      | Killed from afar by an acid dragon

Illustrated notes

Levels and vault maps discovered:
D:1:      minmay_arrival_widening_spiral_wide, layout_basic,
          minmay_misc_feat_enclosed
D:2:      layout_basic, wad_orctagon, uniq_sigmund
D:3:      minmay_octagon_keep, layout_basic, lemuel_crystal_altar,
          kennysheep_path_1, uniq_terence
D:4:      nicolae_cairo_tiling_very_big, layout_basic
D:5:      layout_rooms, overflow_temple_1_default, kennysheep_little_box,
          fedhas_altar_2, nicolae_kite_square_tiling_tiny, uniq_pikel
D:6:      layout_cave_pools, mainiacjoe_overflow_alcove_2,
          mainiacjoe_overflow_cross_hatched, minmay_temple_entry_glass,
          cheibrodos_sewer_entry_sluice, uniq_blork_the_orc
D:7:      wander_river, layout_cave_pools, kennysheep_mini_moat,
          mainiacjoe_overflow_swirl, uniq_crazy_yiuf_cottage, uniq_joseph,
          uniq_menkaure
D:8:      layout_layer_cave, nicolae_sif_muna_condensation,
          nicolae_lava_and_water, minmay_misc_feat_x
D:9:      layout_loops_ring
Temple:   nicolae_temple_godzebo

Skill      XL: |  1  2  3  4  5  6  7  8  9 10 |
---------------+-------------------------------+-----
Spellcasting   | 5 6 9 10 12 13 | 13.1
Fighting       | 1 2 3 4 |  4.0
Armour         | 1 2 3 |  3.1
Conjurations   | 5 6 7 8 |  8.9
Poison Magic   | 1 |  1.1
Dodging        | 3 |  3.0
Stealth        | 3 |  3.1
Air Magic      | 1 |  1.1
Fire Magic     | 3 4 5 6 |  6.6
Evocations     | 1 |  1.0
Summonings     | |  1.1
Translocations | |  1.1

Action                   |  1- 3 |  4- 6 |  7- 9 | 10-12 || total
-------------------------+-------+-------+-------+-------++-------
Melee: Whip              |       |       |    39 |       ||    39
       Short sword       |       |       |     1 |       ||     1
       Punch             |       |       |     1 |       ||     1
       Quarterstaff      |       |       |    66 |    38 ||   104
 Fire: Sling             |   104 |    91 |    68 |       ||   263
 Cast: Magic Dart        |     3 |    23 |   244 |    21 ||   291
       Mephitic Cloud    |     2 |     5 |    36 |     8 ||    51
       Call Imp          |       |       |     5 |     3 ||     8
       Blink             |       |       |     2 |     1 ||     3
 Stab: Confused          |       |       |    14 |     4 ||    18
       Sleeping          |       |       |       |     1 ||     1
Armor: Robe              |     5 |       |       |       ||     5
       Leather armour    |       |    10 |    13 |     4 ||    27
Dodge: Dodged            |    49 |    23 |    66 |    29 ||   167
Block: Other             |       |       |    18 |    11 ||    29

Table legend: (Time is in decaauts)
 A = Elapsed time spent in this place.
 B = Non-inter-level travel time spent in this place.
 C = Inter-level travel time spent in this place.
 D = Time resting spent in this place.
 E = Time spent auto-exploring this place.
 F = Levels seen in this place.
 G = Mean time per level.
                   A        B        C        D        E       F      G
               +--------+--------+--------+--------+--------+-----+--------+
         Total |   9670 |   9335 |    335 |    519 |   7135 |  11 |  879.1 |
       Dungeon |   8853 |   8552 |    301 |    519 |   6488 |   9 |  983.7 |
        Temple |    165 |    131 |     34 |      0 |    124 |   1 |  165.0 |
         Sewer |    651 |    651 |      0 |      0 |    523 |   1 |  651.0 |
               +--------+--------+--------+--------+--------+-----+--------+

Top non-repeatable levels by time:
     D:8: 1560 daAuts
     D:3: 1313 daAuts
     D:5: 1195 daAuts
     D:7: 1072 daAuts
     D:4: 1032 daAuts
     D:1: 984 daAuts
     D:6: 821 daAuts
     D:2: 803 daAuts
   Sewer: 651 daAuts
  Temple: 165 daAuts
     D:9: 67 daAuts
